 Dungeon Crawl Stone Soup version 0.26-a0-154-g3d63440f56 (webtiles) character file.

Game seed: 5822347796991367732

4246 Flugslaktarn the Thaumaturge (level 10, -6/49 HPs)
             Began as a Vine Stalker Ice Elementalist on June 30, 2020.
             Was a Believer of Makhleb.
             Mangled by a shadow (22 damage)
             ... on level 8 of the Dungeon.
             The game lasted 00:16:02 (2906 turns).

Flugslaktarn the Thaumaturge (VSIE)                 Turns: 2906, Time: 00:16:02

Health: -6/49      AC: 10    Str: 10    XL:     10   Next: 30%
Magic:  0/27       EV: 14    Int: 18    God:    Makhleb [**....]
Gold:   254        SH:  0    Dex: 22    Spells: 26/34 levels left

rFire    . . .     SeeInvis .   F - +0 falchion
rCold    . . .     Faith    .   (no shield)
rNeg     . . .     Spirit   +   l - +0 leather armour {rPois}
rPois    +         Reflect  .   u - +1 helmet
rElec    .         Harm     .   e - +0 cloak
rCorr    .                      y - +0 pair of gloves
MR       ++...                  d - +2 pair of boots
Stlth    ++........             (no amulet)
HPRegen  0.56/turn              s - ring of protection from magic
MPRegen  0.20/turn              p - +6 ring of dexterity

@: mighty
A: fangs 3, regeneration 1, magic shield, antimagic bite, no potion heal 3, rot
immunity
a: Minor Destruction, Renounce Religion


You were on level 8 of the Dungeon.
You worshipped Makhleb.
Makhleb was pleased with you.
You were not hungry.

You visited 1 branch of the dungeon, and saw 9 of its levels.
You also visited: Ossuary.

You collected 254 gold pieces.

Inventory:

Hand Weapons
 g - a +0 dagger
   (You took it off a goblin on level 1 of the Dungeon)
 i - a +0 whip of draining
   (You found it on level 2 of the Dungeon)
 F - a +0 falchion (weapon)
   (You took it off an orc on level 8 of the Dungeon)
Missiles
 b - 3 boomerangs (quivered)
 m - 3 atropa-tipped darts
 C - 13 poisoned darts
Armour
 a - a +0 robe
 d - a +2 pair of boots (worn)
   (You found it on level 1 of the Dungeon)
 e - a +0 cloak (worn)
   (You found it on level 1 of the Dungeon)
 l - a +0 leather armour of poison resistance (worn)
   (You found it on level 7 of the Dungeon)
 q - a +0 ring mail
   (You found it on level 2 of the Dungeon)
 u - a +1 helmet (worn)
   (You took it off Robin on level 3 of the Dungeon)
 y - a +0 pair of gloves (worn)
   (You found it on level 4 of the Dungeon)
Magical Staves
 o - an uncursed staff of wizardry
   (You found it on level 2 of the Dungeon)
 B - an uncursed staff of poison
   (You found it on level 9 of the Dungeon)
Jewellery
 p - a +6 ring of dexterity (right hand)
   (You found it on level 8 of the Dungeon)
 s - a ring of protection from magic (left hand)
   (You took it off a goblin on level 2 of the Dungeon)
 G - a +6 ring of strength
   (You found it on level 5 of the Dungeon)
Wands
 t - a wand of disintegration (11)
   (You found it on level 9 of the Dungeon)
 w - a wand of random effects (21)
   (You found it on level 4 of the Dungeon)
Scrolls
 f - a scroll of fear
 h - a scroll of enchant weapon
 k - a scroll of random uselessness {unknown}
Potions
 c - a potion of curing {unknown}
 j - a potion of brilliance {unknown}
 n - a potion of magic {unknown}
 r - a potion of stabbing {unknown}
 x - a potion of haste {unknown}
 z - a potion of cancellation {unknown}
 A - a potion of mutation {unknown}
Miscellaneous
 D - a lightning rod (4/4)
   (You found it on level 9 of the Dungeon)
Comestibles
 E - 3 rations


   Skills:
 + Level 3.9 Fighting
 + Level 4.1 Dodging
 - Level 2.4 Stealth
 - Level 12.6 Spellcasting
 - Level 3.0 Summonings
 - Level 8.0 Ice Magic
 + Level 4.3 Invocations


You had 26 spell levels left.
You knew the following spells:

 Your Spells              Type           Power        Failure   Level  Hunger
a - Freeze                Ice            ####         1%          1    None
b - Frozen Ramparts       Ice            #####.       1%          3    None
d - Summon Ice Beast      Ice/Summ       ####....     9%          4    ##.....

Your spell library contained the following spells:

 Spells                   Type           Power        Failure   Level  Hunger
 Ozocubu's Armour         Chrm/Ice       ####....     4%          3    None
 Animate Skeleton         Necr           N/A          9%          1    None
 Foxfire                  Conj/Fire      ##..         9%          1    None
 Pain                     Necr           ##..         9%          1    None
 Hailstorm                Conj/Ice       ####....     16%         4    ##.....
 Conjure Flame            Conj/Fire      ##......     26%         3    None
 Inner Flame              Hex/Fire       ##......     26%         3    None
 Vampiric Draining        Necr           ##........   26%         3    None
 Animate Dead             Necr           N/A          63%         4    ##.....
 Sticky Flame             Conj/Fire      ##......     63%         4    ##.....
 Agony                    Necr           ##......     93%         5    ####...
 Fireball                 Conj/Fire      ##........   93%         5    ####...


Dungeon Overview and Level Annotations

Branches:
Dungeon (9/15)             Temple (0/1) D:5         Ossuary (visited)
   Lair: D:8-11         Orc: D:9-12

Altars:
Ashenzari
Cheibriados
Makhleb
Qazlal
Ru
Trog
Yredelemnul


Innate Abilities, Weirdness & Mutations

You have razor-sharp teeth.
Your natural rate of healing is unusually fast.
When hurt, damage is shared between your health and your magic reserves.
Your bite disrupts and absorbs the magic of your enemies.
Potions cannot restore your health.
You are immune to rotting.


Message History

The shadow flickers and vanishes!
Deactivating autopickup; reactivate with Ctrl-A.
The wall freezes the deep elf mage.
The wall freezes the troll!
The troll bites you. The troll claws you but does no damage.
The troll closely misses you.
Unknown command.
Okay, then.
You feel very mighty all of a sudden.
The wall freezes something but do no damage.
The shadow strikes at you from the darkness!
* * * LOW HITPOINT WARNING * * *
Reactivating autopickup.
The wall freezes the deep elf mage.
The wall freezes the troll.
The troll bites you but does no damage. The troll claws you!
* * * LOW HITPOINT WARNING * * *
The troll closely misses you.
Unknown command.
You slash the troll!
You kill the troll!
Makhleb accepts your kill.
You feel better.
Your Invocations skill increases to level 4!
The frozen ramparts melt away.
The shadow hits you.
* * * LOW HITPOINT WARNING * * *
You hit the deep elf mage. You bite the deep elf mage!
You kill the deep elf mage!
Makhleb accepts your kill.
Your Dodging skill increases to level 4!
The shadow closely misses you.
You hit the shadow.
The shadow is moderately damaged.
The shadow barely misses you. The shadow hits you.
* * * LOW HITPOINT WARNING * * *
Okay, then.
Okay, then.
Unknown command.
Okay, then.
Unknown command.
You slash the shadow! You bite the shadow. You drain its power.
You feel invigorated.
The shadow is severely damaged.
The shadow slips into darkness.
The shadow flickers and vanishes!
Deactivating autopickup; reactivate with Ctrl-A.
Unknown command.
Casting: Frozen Ramparts (safe; 1% risk of failure)
Confirm with . or Enter, or press ? or * to list all spells.
A chill wind blows around you.
The shadow strikes at you from the darkness!
You die...

#.(....... ##..#.###.....#..
.####..### #.##.##.##.#.##..
. ..# #..#.#.###...#... .
.... ##.#.#.#..##.##... . ..
##..#..#.#.##.#....
#.#.#########.#....
#.##.......).##..#.
##{##.#.#.#.#.#...#.
#c#@##......)##...## #...
#.##T#Y##[#.#.#.#...###
.###... .
#.###.##.....##......
......#.
#.#W#†##.#.#.#...#...
#......#.##.##.##...##.......
#.....##.#/.[#.##.#.#........
#.....#.###.###.##.##........
#.....#.........##.#.........
...
#.....##############.........


You could see a troll, a shadow, a centaur and a friendly ice beast (summoned).

Vanquished Creatures
  Pikel (D:6)
  A deep elf mage (D:8)
  A troll (D:8)
  A hippogriff (D:7)
  Eustachio (D:4)
  An orc warrior (D:9)
  A sky beast (D:8)
  2 phantoms
  2 slaves (D:6)
  3 ogres
  A centaur (D:3)
  3 bullfrogs
  A wyvern zombie (D:8)
  5 killer bees
  3 crimson imps
  2 hounds
  2 orc priests
  An iguana (D:4)
  A jelly (D:5)
  8 orc wizards
  3 worker ants
  Robin (D:3)
  3 gnolls (D:4)
  8 adders
  A shadow imp (D:7)
  5 oozes
  An adder zombie (D:9)
  2 adder skeletons
  2 worms
  5 leopard geckos
  13 orcs
  4 giant cockroaches
  21 goblins
  6 hobgoblins
  9 jackals
  5 kobolds
  7 ball pythons (D:2)
  5 bats
  5 frilled lizards
  2 gnoll zombies (Ossuary)
  2 goblin zombies (Ossuary)
  4 hobgoblin zombies (Ossuary)
  5 jackal zombies (Ossuary)
  3 kobold zombies (Ossuary)
  A leopard gecko skeleton (D:4)
  3 rats
  3 rat zombies (Ossuary)
170 creatures vanquished.

Vanquished Creatures (collateral kills)
  An orc warrior (D:8)
  An ogre (D:7)
  A centaur (D:8)
  A scorpion (D:8)
  An adder (D:7)
  An orc (D:7)
  A quokka (D:7)
7 creatures vanquished.

Vanquished Creatures (others)
  A slave (D:6)
1 creature vanquished.

Grand Total: 178 creatures vanquished

Notes
Turn   | Place    | Note
-------+----------+-------------------------------------------
     0 | D:1      | Flugslaktarn the Vine Stalker Ice Elementalist began the
                  | quest for the Orb.
     0 | D:1      | Reached XP level 1. HP: 9/9 MP: 4/4
   210 | D:1      | Reached XP level 2. HP: 12/13 MP: 2/6
   324 | D:1      | Reached XP level 3. HP: 11/16 MP: 5/8
   370 | D:1      | Reached skill level 3 in Spellcasting
   443 | D:2      | Learned a level 3 spell: Frozen Ramparts
   642 | D:2      | Gained mutation: Your natural rate of healing is unusually
                  | fast. [Vine Stalker growth]
   642 | D:2      | Reached XP level 4. HP: 16/21 MP: 8/10
   693 | D:2      | Reached skill level 5 in Ice Magic
   764 | D:2      | Noticed a moth of wrath
   767 | D:2      | Found a bloodstained altar of Trog.
   786 | D:2      | Found a shattered altar of Ashenzari.
   862 | D:3      | Found a sacrificial altar of Ru.
   903 | D:3      | Learned a level 4 spell: Summon Ice Beast
   927 | D:3      | Noticed Robin
   942 | D:3      | Killed Robin
   942 | D:3      | Reached XP level 5. HP: 19/24 MP: 4/11
   988 | D:4      | Found a basalt altar of Yredelemnul.
   994 | D:4      | Noticed a phantom
  1005 | D:4      | Reached skill level 4 in Spellcasting
  1005 | D:4      | Reached skill level 1 in Summonings
  1096 | D:4      | Killed a phantom
  1096 | D:4      | Reached XP level 6. HP: 13/28 MP: 5/13
  1196 | D:4      | Noticed Eustachio
  1248 | D:3      | Found a burning altar of Makhleb.
  1260 | D:3      | Became a worshipper of Makhleb the Destroyer
  1269 | D:4      | Killed Eustachio
  1269 | D:4      | Reached XP level 7. HP: 31/32 MP: 5/14
  1337 | D:5      | Entered Level 5 of the Dungeon
  1682 | D:5      | Found a sand-covered staircase.
  1691 | Ossuary  | Entered an ossuary
  1753 | Ossuary  | Reached * piety under Makhleb
  1855 | D:5      | Found a stormy altar of Qazlal.
  1969 | D:5      | Reached skill level 12 in Spellcasting
  1969 | D:5      | Gained mutation: You have razor-sharp teeth. [Vine Stalker
                  | growth]
  1969 | D:5      | Reached XP level 8. HP: 36/36 MP: 14/25
  2066 | D:5      | Found a staircase to the Ecumenical Temple.
  2085 | D:6      | Noticed Pikel
  2093 | D:6      | Killed Pikel
  2093 | D:6      | Reached skill level 1 in Fighting
  2093 | D:6      | Reached skill level 1 in Invocations
  2093 | D:6      | Reached XP level 9. HP: 41/41 MP: 26/26
  2217 | D:7      | Found a snail-covered altar of Cheibriados.
  2479 | D:8      | Reached ** piety under Makhleb
  2833 | D:8      | Reached XP level 10. HP: 46/49 MP: 27/27
  2890 | D:8      | Noticed a deep elf mage
  2903 | D:8      | Killed a deep elf mage
  2906 | D:8      | Mangled by a shadow

Illustrated notes

Levels and vault maps discovered:
D:1:      wander_arrival_lonely_grave, layout_basic
D:2:      layout_rooms, ashenzari_altar_1, tgw_trog, minmay_misc_feat_cross,
          serial_park_tiny_2, minmay_misc_feat_rows, minmay_snake_closets
D:3:      layout_loops_corners, lemuel_crystal_altar, dancing_weapons_uskayaw,
          tgw_sif, nicolae_ru_the_path_less_chosen,
          chequers_ecumenical_altar_simple, uniq_jessica, uniq_terence,
          uniq_robin
D:4:      layout_rooms, old_standard_altar, minmay_ruptured, uniq_eustachio
D:5:      layout_basic, grunt_gozag_statues, nicolae_overflow_hidden_temple,
          nicolae_qazlal_general_emergency, lemuel_coloured_pillars_altar,
          minmay_temple_entry_ruins, first_ration,
          lightli_ossuary_entry_decrepit_ruins
D:6:      layout_basic, grunt_dithmenos_shadows, dk_noncrumbling_3, uniq_pikel,
          uniq_maggie
D:7:      layout_basic, overflow_temple_1_default, uniq_duvessa
D:8:      minmay_the_grid_triangle_9x9_rhombus_thin
          [minmay_the_grid_triangle_9x9_sparse_checkered,
          minmay_the_grid_triangle_9x9_prize_top_heavy,
          minmay_the_grid_triangle_9x9_descending_squares,
          minmay_the_grid_triangle_9x9_corruption], layout_basic,
          ebering_ghost_rock_garden
D:9:      layout_cave_pools, basic_altar, kennysheep_decorative_pillar,
          david_nohive_1, kennysheep_doodads

Skill      XL: |  1  2  3  4  5  6  7  8  9 10 |
---------------+-------------------------------+-----
Spellcasting   | 3 4 12 | 12.6
Ice Magic      | 5 6 7 8 |  8.0
Summonings     | 2 3 |  3.0
Fighting       | 1 3 |  3.9
Dodging        | 2 3 4 |  4.1
Invocations    | 1 3 4 |  4.3
Stealth        | |  2.4

Action                   |  1- 3 |  4- 6 |  7- 9 | 10-12 || total
-------------------------+-------+-------+-------+-------++-------
Melee: Unarmed           |    19 |       |       |       ||    19
       Bite              |    10 |    26 |    53 |     6 ||    95
       Whip              |     9 |    87 |   158 |       ||   254
       Dagger            |     6 |       |       |       ||     6
       Falchion          |       |       |     2 |    15 ||    17
Throw: Boomerang         |       |       |     1 |       ||     1
 Cast: Freeze            |    28 |    12 |    22 |       ||    62
       Frozen Ramparts   |     3 |    17 |    29 |     2 ||    51
       Summon Ice Beast  |       |       |     4 |     1 ||     5
  Use: Potion            |       |     1 |     1 |     1 ||     3
       Scroll            |       |       |     9 |       ||     9
 Stab: Sleeping          |     1 |     3 |     2 |       ||     6
  Eat: Chunk             |       |     2 |     2 |       ||     4
       Ration            |       |       |     2 |       ||     2
Armor: Robe              |    22 |    25 |    34 |       ||    81
       Ring mail         |       |    34 |    44 |       ||    78
       Leather armour    |       |       |    42 |     6 ||    48
Dodge: Dodged            |    36 |    83 |   174 |    13 ||   306
       Rpst.: Falchion   |       |       |     3 |     5 ||     8

Table legend:
 A = Non-vault XP
 B = Vault XP
 C = Vault XP percentage of total XP
 D = Non-vault monster count
 E = Vault monster count
 F = Vault count percentage of total count
                 A         B        C        D         E       F
            +---------+---------+-------+---------+---------+-------
      Total |    2898 |    2194 |  43.1 |     121 |      54 |  30.9
            +---------+---------+-------+---------+---------+-------
        D:1 |      40 |       0 |   0.0 |      21 |       0 |   0.0
        D:2 |      59 |      36 |  37.9 |      18 |      10 |  35.7
        D:3 |     125 |      39 |  23.8 |       6 |      13 |  68.4
        D:4 |     322 |     208 |  39.2 |      20 |       3 |  13.0
        D:5 |     425 |       0 |   0.0 |      10 |       0 |   0.0
        D:6 |     136 |     593 |  81.3 |       4 |       1 |  20.0
        D:7 |     728 |       0 |   0.0 |      19 |       0 |   0.0
        D:8 |     918 |    1299 |  58.6 |      19 |       8 |  29.6
        D:9 |     145 |       0 |   0.0 |       4 |       0 |   0.0
    Ossuary |       0 |      19 | 100.0 |       0 |      19 | 100.0
            +---------+---------+-------+---------+---------+-------
